 Dungeon Crawl Stone Soup version 0.27.0-1-g7a089689b8 (webtiles) character file.

Game seed: 13492625699176725150

39 SnakkuSnakku7 the Skirmisher (level 3, -6/39 HPs)
             Began as an Ogre Delver on Aug 6, 2021.
             Shot with an arrow by a centaur (10 damage)
             ... on level 4 of the Dungeon.
             The game lasted 00:01:14 (679 turns).

SnakkuSnakku7 the Skirmisher (Ogre Delver)           Turns: 679, Time: 00:01:15

Health: -6/39      AC:  3    Str: 17    XL:     3   Next: 47%
Magic:  3/3        EV:  9    Int: 11    God:
Gold:   9          SH:  0    Dex: 10    Spells: 2/2 levels left

rFire    . . .     SeeInvis .   a - +0 mace
rCold    . . .     Faith    .   (no shield)
rNeg     . . .     Spirit   .   b - +0 robe
rPois    .         Reflect  .   (helmet restricted)
rElec    .         Harm     .   (no cloak)
rCorr    .         Rampage  .   (gloves unavailable)
Will     .....                  (boots unavailable)
Stlth    ++........             (no amulet)
HPRegen  0.13/turn              (no ring)
MPRegen  0.08/turn              (no ring)

@: no status effects
A: large, unfitting armour, tough skin 1
a: no special abilities


You were on level 4 of the Dungeon.
You visited 1 branch of the dungeon, and saw 2 of its levels.

You collected 9 gold pieces.

Inventory:

Hand Weapons
 a - a +0 mace (weapon)
Armour
 b - a +0 robe (worn)
Wands
 g - a wand of digging (3)
Scrolls
 c - a scroll of fog
 d - a scroll of magic mapping
 e - a scroll of fear
Potions
 h - 2 potions of heal wounds {unknown}


   Skills:
 - Level 4.0 Fighting
 + Level 3.4 Maces & Flails
 - Level 1.7 Dodging
 - Level 3.7 Stealth


You had 2 spell levels left.
You didn't know any spells.
Your spell library was empty.

Dungeon Overview and Level Annotations

Branches:
Dungeon (5/15)
 Temple: D:4-7

Altars:
Zin


Innate Abilities, Weirdness & Mutations

You are too large for most types of armour.
You have tough skin. (AC +1)


Message History

The centaur barely misses you.
You hit the centaur but do no damage.
The centaur is lightly wounded.
The centaur hits you. The centaur kicks you.
You barely miss the centaur.
The centaur is lightly wounded.
The centaur hits you. The centaur barely misses you. The centaur hits you.
* * * LOW HITPOINT WARNING * * *
The centaur kicks you but does no damage.
You hit the centaur.
The centaur is moderately wounded.
The centaur hits you.
* * * LOW HITPOINT WARNING * * *
The centaur kicks you but does no damage.
The centaur hits you.
* * * LOW HITPOINT WARNING * * *
The centaur kicks you.
* * * LOW HITPOINT WARNING * * *
As you read the scroll of fear, it crumbles to dust.
You assume a fearsome visage.
The centaur looks frightened!
The centaur attempts to regain its composure.
Found a rapier.
Found a scroll of fear.
Found a stone staircase leading down.
You start resting.
HP restored.
The centaur shouts!
The centaur wields a +0 shortbow.
The centaur shoots an arrow.
The arrow hits you!
The centaur shoots an arrow.
The arrow hits you!
You see here a scroll of fear.
The centaur shoots an arrow.
The arrow hits you!
* * * LOW HITPOINT WARNING * * *
The centaur shoots an arrow.
The arrow closely misses you.
The centaur shoots an arrow.
The arrow hits you.
* * * LOW HITPOINT WARNING * * *
You see here a scroll of fear.
e - a scroll of fear The centaur shoots an arrow.
The arrow hits you!
You die...

#......#.# #.# #....!. ..
#.#
#...c.$##c##.#############
#........................#
#......###.#.##########.##
#.#.# #.# #.#.# #.# #..)#
#.# ##@.# #.#
#..##########.#
#.>...........#
############..# #..# ...#
##.## #.# #.#


You could see a centaur.

Vanquished Creatures
  A hound (D:4)
  An adder (D:4)
  A quokka (D:4)
3 creatures vanquished.

Notes
Turn   | Place    | Note
-------+----------+-------------------------------------------
     0 | D:5      | SnakkuSnakku7 the Ogre Delver began the quest for the Orb.
     0 | D:5      | Reached XP level 1. HP: 24/24 MP: 1/1
     2 | D:5      | Noticed a scorpion
     2 | D:5      | Noticed a killer bee
     6 | D:5      | Noticed a killer bee
    28 | D:5      | Noticed a killer bee
    48 | D:5      | Found a glowing silver altar of Zin.
    57 | D:5      | Noticed a killer bee
    60 | D:5      | Noticed a hound
    72 | D:4      | Killed a hound
    73 | D:4      | Reached XP level 2. HP: 23/32 MP: 2/2
    73 | D:4      | Reached XP level 3. HP: 28/39 MP: 3/3
   357 | D:4      | Noticed a centaur
   679 | D:4      | Shot with an arrow by a centaur

Illustrated notes

Levels and vault maps discovered:
D:4:      layout_basic, mainiacjoe_overflow_brackets, uniq_menkaure
D:5:      layout_rooms, doesnt_xom_only_xom, lemuel_coloured_pillars_altar,
          zin_statuary

Skill      XL: |  1 |
---------------+----+-----
Maces & Flails | 3 |  3.4
Fighting       | |  4.0
Dodging        | |  1.7
Stealth        | |  3.7

Action                   || total
-------------------------++-------
Melee: Mace              ||    26
  Use: Potion            ||     1
       Scroll            ||     1
Armor: Robe              ||    14
Dodge: Dodged            ||    19
